 Dungeon Crawl Stone Soup version 0.28-a0-477-g0b43c73ce0 (webtiles) character file.

Game seed: 10197233283157902773

40 Dabor the Skirmisher (level 3, -9/29 HPs)
             Began as a Demonspawn Berserker on Sept 17, 2021.
             Was a Believer of Trog.
             Mangled by an ogre (24 damage)
             ... on level 2 of the Dungeon.
             The game lasted 00:01:16 (2018 turns).

Dabor the Skirmisher (Demonspawn Berserker)         Turns: 2018, Time: 00:01:16

Health: -9/29      AC:  2    Str: 18    XL:     3   Next: 30%
Magic:  3/3        EV: 12    Int:  8    God:    Trog [**....]
Gold:   61         SH:  4    Dex: 12    Spells: 2/2 levels left

rFire   . . .      SeeInvis .   a - +0 hand axe
rCold   . . .      Faith    .   (no shield)
rNeg    . . .      Spirit   .   b - +0 animal skin
rPois   .          Reflect  .   (no helmet)
rElec   .          Harm     .   (no cloak)
rCorr   .          Rampage  .   (no gloves)
Will    .....                   (no boots)
Stlth   +.........              (no amulet)
HPRegen 0.09/turn               (no ring)
MPRegen 0.08/turn               (no ring)

@: no status effects
A: claws 1, large bone plates 1
a: Renounce Religion, Berserk, Trog's Hand


You were on level 2 of the Dungeon.
You worshipped Trog.
Trog was pleased with you.
You visited 1 branch of the dungeon, and saw 2 of its levels.

You collected 61 gold pieces.

Inventory:

Hand Weapons
 a - a +0 hand axe (weapon)
Armour
 b - a +0 animal skin (worn)
Potions
 c - a potion of berserk rage {unknown}
 d - a potion of degeneration {unknown}
 e - a potion of invisibility {unknown}
 f - a potion of curing {unknown}


   Skills:
 + Level 3.4 Fighting
 + Level 3.0 Axes
 + Level 2.2 Armour
 + Level 2.3 Dodging


You had 2 spell levels left.
You didn't know any spells.
Your spell library was empty.

Dungeon Overview and Level Annotations

Branches:
Dungeon (2/15)

Altars:


Innate Abilities, Weirdness & Mutations

You have sharp fingernails.
You are partially covered in large bone plates. (SH +4)


Message History

Found 16 gold pieces.
The rat misses you.
A rat is nearby!
You hit the rat.
You kill the rat!
Trog accepts your kill.
f - a golden potion No target in view!
You now have 61 gold pieces (gained 16).
You open the door.
A rat comes into view.
Found a faded altar of an unknown god.
There is an open door here.
A rat is nearby!
A rat is nearby!
A rat is nearby!
The rat bites you but does no damage.
A rat is nearby!
You hit the rat.
You kill the rat!
Trog accepts your kill.
You see here a rat corpse.
There is a faded altar of an unknown god here.
There is a faded altar of an unknown god here.
You see here a rat corpse.
There is an open door here.
An ogre comes into view. It is wielding a +0 giant club.
Found a stone staircase leading down.
The ogre shouts!
An ogre is nearby!
A worm comes into view.
There are monsters nearby!
The ogre hits you with a +0 giant club!
There are monsters nearby!
You barely miss the ogre. The ogre barely misses you.
There are monsters nearby!
You barely miss the ogre.
The ogre hits you with a +0 giant club!!
Ouch! That really hurt!
You die...

##..........##...........#
#...........##...........#
##......†...#............#
#..................###'###
#............#######.....#
#####................##.....#
.......>^.......####..#.....#
.###............## ####..†..#
#............@# ##...##
#.............O# ##.##
####..†............. #_#
...............#....# ##.##
.####.......##.#...... #..P#
## #.###..###..>..w..#PPPPP#
.## #.# ...# ##.......#P.P..#
..###[# .# ....#..#P....#
#..##.. #PP...#


You could see an ogre and a worm.

Vanquished Creatures
  2 ball pythons
  5 bats (D:1)
  2 endoplasms (D:1)
  A giant cockroach (D:1)
  2 goblins (D:1)
  5 hobgoblins
  2 jackals (D:1)
  A quokka (D:1)
  6 frilled lizards
  8 kobolds (D:1)
  5 rats
39 creatures vanquished.

Vanquished Creatures (others)
  9 plants
  10 withered plants (D:2)
19 creatures vanquished.

Grand Total: 58 creatures vanquished

Notes
Turn   | Place    | Note
-------+----------+-------------------------------------------
     0 | D:1      | Dabor the Demonspawn Berserker began the quest for the Orb.
     0 | D:1      | Reached XP level 1. HP: 18/18 MP: 1/1
   396 | D:1      | Gained mutation: You are partially covered in large bone
                  | plates. (SH +4) [demonic ancestry]
   396 | D:1      | Reached XP level 2. HP: 11/24 MP: 2/2
  1018 | D:1      | Reached ** piety under Trog
  1132 | D:1      | Gained mutation: You have sharp fingernails. [demonic
                  | ancestry]
  1132 | D:1      | Reached XP level 3. HP: 25/29 MP: 3/3
  1975 | D:2      | Found a faded altar of an unknown god.
  2014 | D:2      | Noticed an ogre
  2018 | D:2      | Mangled by an ogre

Illustrated notes

Levels and vault maps discovered:
D:1:      wheals_arrival_linesprint, layout_basic, serial_corexii_hall,
          corexii_hall_statues_t, corexii_hall_statues_l,
          lexackson_kobold_supper
D:2:      layout_rooms, shapermc_ecumenical_altar_flowoftime, minmay_liquid_box,
          uniq_natasha

Skill      XL: |  1  2 |
---------------+-------+-----
Armour         | 2 |  2.2
Dodging        | 2 |  2.3
Axes           | 3 |  3.0
Fighting       | |  3.4

Action                   || total
-------------------------++-------
Melee: Hand axe          ||   116
Invok: Berserk           ||     2
Armor: Animal skin       ||    19
Dodge: Dodged            ||    81
Block: Other             ||    15

Table legend: (Time is in decaauts)
 A = Elapsed time spent in this place.
 B = Non-inter-level travel time spent in this place.
 C = Inter-level travel time spent in this place.
 D = Time resting spent in this place.
 E = Time spent auto-exploring this place.
 F = Levels seen in this place.
 G = Mean time per level.
                   A        B        C        D        E       F      G
               +--------+--------+--------+--------+--------+-----+--------+
         Total |   2052 |   2043 |      9 |    289 |   1502 |   2 | 1026.0 |
       Dungeon |   2052 |   2043 |      9 |    289 |   1502 |   2 | 1026.0 |
               +--------+--------+--------+--------+--------+-----+--------+

Top non-repeatable levels by time:
     D:1: 1888 daAuts
     D:2: 164 daAuts
